 Dungeon Crawl Stone Soup version 0.19.0-19-g8c6edcc (webtiles) character file.

101 dvd the Cudgeler (level 4, -4/42 HPs)
             Began as a Troll Warper on Nov 13, 2016.
             Slain by a worker ant (5 damage)
             ... on level 4 of the Dungeon.
             The game lasted 00:05:31 (1789 turns).

dvd the Cudgeler (Troll Warper)                     Turns: 1789, Time: 00:05:32

Health: -4/42      AC:  6    Str: 19    XL:     4   Next: 48%
Magic:  2/5        EV: 10    Int: 10    God:
Gold:   104        SH:  0    Dex:  9    Spells: 2 memorised, 2 levels left

rFire  . . .     SeeInvis .     k - -3 whip (curse)
rCold  . . .     Gourm    +     b - +0 robe
rNeg   . . .     Faith    .     (no shield)
rPois  .         Spirit   .     (helmet restricted)
rElec  .         Reflect  .     m - +0 cloak
rCorr  .         Harm     .     (gloves unavailable)
MR     .....                    (boots unavailable)
Stlth  +.........               (no amulet)
                                (no ring)
                                (no ring)

@: lethally poisoned (-4 -> -5), very slightly contaminated, drained
A: unfitting armour, claws 3, fast metabolism 3, gourmand, regeneration 1,
shaggy fur 1, tough skin 2
a: no special abilities


You were on level 4 of the Dungeon.
You were very full.

You visited 1 branch of the dungeon, and saw 4 of its levels.

You collected 104 gold pieces.

Inventory:

Hand Weapons
 a - a +1 mace
 e - a +0 dagger of draining
 k - a cursed -3 whip (weapon)
 l - a +0 hand axe
Armour
 b - a +0 robe (worn)
 m - a +0 cloak (worn)
Scrolls
 d - 2 scrolls of blinking
 j - a scroll of teleportation
Potions
 g - a potion of haste {unknown}
 i - a potion of heal wounds
 p - 2 potions of flight {unknown}
 q - a potion of berserk rage {unknown}
 r - a potion of degeneration {unknown}
Books
 c - a book of Spatial Translocations

   Spells                             Type                      Level
   a - Blink                          Translocation                2
   b - Shroud of Golubria             Charms/Translocation         2
   c - Lesser Beckoning               Translocation                3
   d - Portal Projectile              Translocation                3
   e - Teleport Other                 Translocation                3
   f - Passage of Golubria            Translocation                4
Comestibles
 f - 5 bread rations
 h - a beef jerky
 n - 2 chunks of flesh
 o - a meat ration


   Skills:
 + Level 2.0(1.2) Fighting
 + Level 2.8(2.0) Maces & Flails
 + Level 1.0(0.2) Throwing
 + Level 2.5(1.7) Dodging
 + Level 0.1(0.0) Stealth
 + Level 1.5(0.7) Spellcasting
 + Level 0.5(0.0) Charms
 + Level 2.2(1.3) Translocations


You had 2 spell levels left.
You knew the following spells:

 Your Spells              Type           Power        Failure   Level  Hunger
a - Shroud of Golubria    Chrm/Tloc      #.........   47%         2    ###....
b - Blink                 Tloc           N/A          30%         2    ###....


Dungeon Overview and Level Annotations

Branches:
Dungeon (4/15)
 Temple: D:4-7

Altars:

Annotations:
D:2 1 runed door
D:3 Frank's ghost, amateur GrGl; Ijyb


Innate Abilities, Weirdness & Mutations

You are too large for most types of armour.
You have claws for hands.
Your metabolism is lightning-fast.
You like to eat raw meat.
Your natural rate of healing is unusually fast.
You are covered in fur. (AC +1)
You have very tough skin. (AC +2)


Message History

You barely miss the worker ant.
The worker ant is lightly wounded.
You feel sick. The worker ant bites you.
* * * LOW HITPOINT WARNING * * *
You closely miss the worker ant.
The worker ant is lightly wounded.
You feel sick. The worker ant closely misses you.
Unknown command.
You hit the worker ant but do no damage.
The worker ant is lightly wounded.
* * * LOW HITPOINT WARNING * * *
You feel sick. The worker ant bites you.
* * * LOW HITPOINT WARNING * * *
You hit the worker ant.
The worker ant is moderately wounded.
* * * LOW HITPOINT WARNING * * *
You feel sick.
The worker ant waves its antennae.
The worker ant bites you.
You die...

#+# # #.# #. #.# #.#
#####.##.####.#
..$....#....#.#
........###.#.#
........# #a#.#
........# #@#.#
......#.. #.#.#
......#.. #.#.#######
....####.##.#.......#
.... #.##.......#.#
... #..#######.#
#..## ####.# #...#
#..#.# #..# #..#.#


You could see a worker ant.

Vanquished Creatures
  4 adders
  5 worms
  A dart slug (D:2)
  2 leopard geckos (D:2)
  A ball python (D:2)
  2 giant cockroaches (D:1)
  8 goblins
  5 hobgoblins
  5 kobolds
  6 bats
  2 frilled lizards
  4 rats
  A fungus (D:2)
46 creatures vanquished.

Notes
Turn   | Place    | Note
-------+----------+-------------------------------------------
     0 | D:1      | dvd the Troll Warper began the quest for the Orb.
     0 | D:1      | Reached XP level 1. HP: 19/19 MP: 1/1
   146 | D:1      | Reached skill level 1 in Throwing
   344 | D:1      | Reached XP level 2. HP: 28/28 MP: 3/3
   353 | D:1      | Learned a level 2 spell: Shroud of Golubria
   714 | D:2      | Reached XP level 3. HP: 34/35 MP: 4/4
   721 | D:2      | Learned a level 2 spell: Blink
   977 | D:2      | Reached XP level 4. HP: 40/42 MP: 5/5
  1152 | D:2      | Found a runed door.
  1646 | D:3      | Noticed Frank's ghost (amateur GrGl)
  1647 | D:3      | Noticed Ijyb
  1788 | D:4      | HP: 2/42 [worker ant (2)]
  1789 | D:4      | Slain by a worker ant

Skill      XL: |  1  2  3  4 |
---------------+-------------+-----
Throwing       | 1 |  1.0
Dodging        | 2 |  2.5
Maces & Flails | 2 |  2.8
Fighting       | 2 |  2.0
Stealth        | |  0.1
Spellcasting   | |  1.5
Charms         | |  0.5
Translocations | |  2.2

Action                   |  1- 3 |  4- 6 || total
-------------------------+-------+-------++-------
Melee: Mace              |   132 |     9 ||   141
       Whip              |       |   168 ||   168
Throw: Tomahawk          |       |     5 ||     5
 Cast: Shroud of Golubri |     7 |     4 ||    11
  Use: Scroll            |     4 |     1 ||     5
  Eat: Chunk             |    16 |     8 ||    24
Armor: Robe              |    67 |    45 ||   112
Dodge: Dodged            |    74 |    56 ||   130
